 Dungeon Crawl Stone Soup version 0.27.0-1-g7a089689b8 (webtiles) character file.

Game seed: 5710837519598660124

2209 MajorAdolf the Covert (level 9, -1/73 HPs)
             Began as a Naga Wanderer on Aug 9, 2021.
             Was a Believer of Cheibriados.
             Slain by a two-headed ogre (10 damage)
             ... on level 7 of the Dungeon.
             The game lasted 00:25:11 (13894 turns).

MajorAdolf the Covert (Naga Wanderer)              Turns: 13894, Time: 00:25:12

Health: -1/73      AC: 16    Str: 17    XL:     9   Next: 35%
Magic:  0/16       EV:  7    Int: 24    God:    Cheibriados [**....]
Gold:   575        SH:  0    Dex: 12    Spells: 4/17 levels left

rFire    + + .     SeeInvis +   a - +2 hand crossbow (flame)
rCold    . . .     Faith    .   (no shield)
rNeg     + . .     Spirit   +   d - +2 robe {rN+}
rPois    +         Reflect  .   t - +3 helmet of Zocwuf {rPois rF+}
rElec    .         Harm     .   (no cloak)
rCorr    .         Rampage  .   (no gloves)
Will     +....                  g - +2 barding {rF+}
Stlth    ++++......             m - amulet of guardian spirit
HPRegen  0.22/turn              (no ring)
MPRegen  0.15/turn              (no ring)

@: very slow
A: AC +3, large, see invisible, deformed body, poison resistance, slowness 2,
spit poison 1, naga tail 1
a: Spit Poison, Renounce Religion, Bend Time


You were on level 7 of the Dungeon.
You worshipped Cheibriados.
Cheibriados was pleased with you.
You visited 2 branches of the dungeon, and saw 8 of its levels.
You also visited: Ossuary.

You collected 575 gold pieces.

Inventory:

Hand Weapons
 a - a +2 hand crossbow of flaming (weapon)
 k - a +2 dagger of draining
 l - a +2 whip of venom
 C - a +2 flail of venom
Missiles
 b - 67 bolts (quivered ammo)
Armour
 d - a +2 robe of positive energy (worn)
 g - a +2 barding of fire resistance (worn)
 t - the +3 helmet of Zocwuf (worn) {rPois rF+}
   (You took it off Robin on level 3 of the Dungeon)

   rF:        It protects you from fire.
   rPois:     It protects you from poison.
Jewellery
 e - a +6 ring of intelligence
 m - an amulet of guardian spirit (around neck)
 w - a ring of fire
Scrolls
 c - 3 scrolls of teleportation
 h - 2 scrolls of amnesia {unknown}
 x - a scroll of blinking
Potions
 f - a potion of degeneration
 i - a potion of attraction
 j - a potion of heal wounds
 o - a potion of invisibility
 p - a potion of flight
 q - 3 potions of haste
 r - a potion of might
 s - 3 potions of lignification {unknown}
 A - a potion of ambrosia {unknown}


   Skills:
 - Level 2.0 Fighting
 - Level 1.7 Crossbows
 - Level 1.0 Armour
 + Level 9.1 Stealth
 - Level 1.0 Shields
 + Level 4.7 Spellcasting
 + Level 2.1 Conjurations
 - Level 3.0 Necromancy
 + Level 2.2 Ice Magic
 + Level 5.1 Air Magic
 + Level 8.1 Poison Magic
 + Level 1.5 Invocations


You had 4 spell levels left.
You knew the following spells:

 Your Spells              Type           Power      Damage    Failure   Level
a - Poisonous Vapours     Pois/Air       74%        N/A       1%          2
b - Corpse Rot            Necr/Air       N/A        N/A       2%          2
c - Olgreb's Toxic Radia  Pois           44%        N/A       3%          4
d - Freezing Cloud        Conj/Ice/Air   10%        6-21      56%         5

Your spell library contained the following spells:

 Spells                   Type           Power      Damage    Failure   Level
 Sting                    Tmut/Pois      100%       1d8       1%          1
 Static Discharge         Conj/Air       23%        N/A       3%          2
 Apportation              Tloc           10%        N/A       9%          1
 Dispel Undead            Necr           20%        3d11      26%         4
 Sticky Flame             Conj/Fire      10%        2d3       50%         4
 Alistair's Intoxication  Tmut/Pois      16%        N/A       43%         5
 Invisibility             Hex            2%         N/A       100%        6
 Malign Gateway           Summ/Tloc      2%         N/A       100%        7
 Summon Horrible Things   Summ           2%         N/A       100%        8


Dungeon Overview and Level Annotations

Branches:
Dungeon (7/15)             Temple (1/1) D:5         Ossuary (visited)

Altars:
Ashenzari
Cheibriados
Dithmenos
Elyvilon
Fedhas
Gozag
Hepliaklqana
Makhleb
Nemelex Xobeh
Okawaru
Ru
Uskayaw
Vehumet
Wu Jian
Yredelemnul
Zin
The Shining One
Jiyva

Shops:
D:6 (

Annotations:
D:6 exclusion: phantom


Innate Abilities, Weirdness & Mutations

Your serpentine skin is tough. (AC +3)
You have supernaturally acute eyesight. (SInv)
Armour fits poorly on your strangely shaped body.
Your system is resistant to poisons. (rPois)
You cover ground very slowly.
You can spit poison.
You have a snake-like lower body.


Message History

A two-headed ogre is nearby!
Casting: Poisonous Vapours (safe; 1% risk of failure)
Confirm with . or Enter, or press ? or * to list all spells.
Aiming: Poisonous Vapours (safe; 1% risk of failure)
Press: ? - help, Dir - move target, f - two-headed ogre
Aim: a two-headed ogre, wielding a +0 giant club and a +0 giant spiked club (wandering, hasn't noticed you) Poisonous vapours surround the two-headed ogre!
The two-headed ogre is poisoned.
The two-headed ogre shouts in stereo!
Unknown command.
Casting: Poisonous Vapours (safe; 1% risk of failure)
Confirm with . or Enter, or press ? or * to list all spells.
Aiming: Poisonous Vapours (safe; 1% risk of failure)
Press: ? - help, Dir - move target, f/p - two-headed ogre
Aim: a two-headed ogre, wielding a +0 giant club and a +0 giant spiked club (lightly wounded, very poisoned) Poisonous vapours surround the two-headed ogre!
The two-headed ogre looks as sick as possible!
Unknown command.
Casting: Poisonous Vapours (safe; 1% risk of failure)
Confirm with . or Enter, or press ? or * to list all spells.
You smell decay.
Unknown command.
Casting: Corpse Rot (safe; 2% risk of failure)
Confirm with . or Enter, or press ? or * to list all spells.
Aiming: Poisonous Vapours (safe; 1% risk of failure)
Press: ? - help, Dir - move target, f/p - two-headed ogre
Aim: a two-headed ogre, wielding a +0 giant club and a +0 giant spiked club (lightly wounded, extremely poisoned)
Okay, then.
Casting: Poisonous Vapours (safe; 1% risk of failure)
Confirm with . or Enter, or press ? or * to list all spells.
Okay, then.
The two-headed ogre hits you with a +0 giant club!
The two-headed ogre hits you with a +0 giant spiked club!
The two-headed ogre hits you with a +0 giant club!!
The two-headed ogre hits you with a +0 giant spiked club!
* * * LOW HITPOINT WARNING * * *
The two-headed ogre hits you with a +0 giant club!
* * * LOW HITPOINT WARNING * * *
The two-headed ogre hits you with a +0 giant spiked club!
You die...

##....##.##..#...###
##....##########...#
#.........# #.....
#.........# #.....
#.........# #.....
#.........# #.....
#.........# #...).
#..O......# #.....
#..@......# #.....
########### ######


You could see a two-headed ogre (very poisoned).

Vanquished Creatures
  3 yaks (D:6)
  3 black bears
  An orc warrior (D:7)
  An ice beast (D:5)
  2 ogres (D:5)
  An elf zombie (Ossuary)
  A scorpion (D:4)
  A wyvern zombie (D:6)
  A jelly (D:6)
  A bullfrog zombie (D:6)
  A gnoll shaman (D:5)
  4 orc priests
  A centaur skeleton (D:3)
  2 bullfrog skeletons
  4 iguanas
  7 orc wizards
  A hound skeleton (D:4)
  3 mummies
  A howler monkey zombie (D:6)
  Robin (D:3)
  2 howler monkey skeletons
  5 gnolls (D:5)
  9 adders
  An adder zombie (D:5)
  2 worms
  A dart slug (D:2)
  13 orcs
  10 endoplasms
  3 giant cockroaches
  4 gnoll zombies (Ossuary)
  14 goblins
  10 hobgoblins
  15 jackals
  8 kobolds
  4 quokkas
  4 ball pythons (D:1)
  3 bats (D:1)
  5 frilled lizards
  3 goblin zombies (Ossuary)
  5 hobgoblin zombies
  2 orc zombies (Ossuary)
  7 rats
170 creatures vanquished.

Notes
Turn   | Place    | Note
-------+----------+-------------------------------------------
     0 | D:1      | MajorAdolf the Naga Wanderer began the quest for the Orb.
     0 | D:1      | MajorAdolf set off with the following items: a +2 hand
                  | crossbow, 29 bolts, a scroll of teleportation, a potion of
                  | curing, a +0 robe
     0 | D:1      | Reached XP level 1. HP: 19/19 MP: 1/1
    37 | D:1      | Reached skill level 2 in Stealth
    89 | D:1      | Reached skill level 3 in Stealth
    91 | D:1      | Reached XP level 2. HP: 26/26 MP: 2/2
   297 | D:1      | Reached skill level 4 in Stealth
   338 | D:1      | Reached XP level 3. HP: 32/32 MP: 3/3
   359 | D:1      | Found a faded altar of an unknown god.
   706 | D:1      | Learned a level 2 spell: Poisonous Vapours
  1148 | D:2      | Reached skill level 1 in Spellcasting
  1528 | D:2      | Identified the +3 helmet of Zocwuf {rPois rF+}
  1528 | D:2      | Noticed Robin
  1543 | D:2      | Reached skill level 1 in Air Magic
  1867 | D:2      | Reached XP level 4. HP: 39/39 MP: 0/5
  2251 | D:3      | Found a glowing silver altar of Zin.
  2585 | D:3      | Learned a level 2 spell: Corpse Rot
  3308 | D:3      | Reached XP level 5. HP: 45/45 MP: 1/7
  3457 | D:3      | Found a basalt altar of Yredelemnul.
  3831 | D:3      | Reached skill level 5 in Stealth
  4984 | D:3      | Killed Robin
  5722 | D:1      | Reached skill level 1 in Necromancy
  5722 | D:1      | Reached skill level 5 in Poison Magic
  5937 | D:1      | Reached XP level 6. HP: 52/52 MP: 7/9
  6987 | D:4      | Reached skill level 6 in Stealth
  7197 | D:4      | Reached XP level 7. HP: 60/60 MP: 1/10
  7609 | D:4      | Found an ornate altar of the Wu Jian Council.
  7613 | D:4      | Identified the +3 plate armour of the Morning {Str+3}
  8374 | D:5      | Entered Level 5 of the Dungeon
  9286 | D:5      | Found a white marble altar of Elyvilon.
  9557 | D:5      | Reached skill level 7 in Stealth
  9557 | D:5      | Reached XP level 8. HP: 67/67 MP: 1/12
  9645 | D:5      | Found a staircase to the Ecumenical Temple.
  9700 | Temple   | Entered the Ecumenical Temple
  9862 | Temple   | Became a worshipper of Cheibriados the Contemplative
 10367 | D:6      | Found Kimp's Antique Weapon Boutique.
 10823 | D:6      | Noticed a yak
 10830 | D:6      | Noticed a yak
 10835 | D:6      | Noticed a yak
 10847 | D:6      | Killed a yak
 11017 | D:6      | Learned a level 4 spell: Olgreb's Toxic Radiance
 11482 | D:5      | Reached skill level 8 in Stealth
 12066 | D:5      | Learned a level 5 spell: Freezing Cloud
 12167 | D:6      | Killed a yak
 12176 | D:6      | Killed a yak
 12177 | D:6      | Reached skill level 1 in Conjurations
 12177 | D:6      | Reached skill level 1 in Ice Magic
 12439 | D:6      | Reached XP level 9. HP: 71/73 MP: 15/15
 12583 | D:7      | Identified a scroll of acquirement
 12583 | D:7      | Acquired a +2 barding of fire resistance
 12608 | D:7      | Found an opulent altar of Gozag.
 12648 | D:7      | Reached * piety under Cheibriados
 12677 | D:7      | Found a sand-covered staircase.
 12682 | Ossuary  | Entered an ossuary
 13328 | Ossuary  | Reached skill level 5 in Air Magic
 13328 | Ossuary  | Reached skill level 1 in Invocations
 13490 | D:7      | Found a sparkling altar of Nemelex Xobeh.
 13503 | D:7      | Noticed a two-headed ogre
 13603 | D:7      | Reached skill level 9 in Stealth
 13813 | D:7      | Reached ** piety under Cheibriados
 13894 | D:7      | Slain by a two-headed ogre

Illustrated notes

Levels and vault maps discovered:
D:1:      lemuel_arrival_funnel, layout_basic,
          shapermc_ecumenical_altar_starsandcircs
D:2:      cheibrodos_pilgrimage, layout_basic, grunt_decor_one_mirror,
          interstate_on_off, uniq_robin
D:3:      layout_loops_corners, marbit_many_paths,
          mainiacjoe_overflow_surrounded_room, serial_rivers,
          chequers_serial_rivers_room_b, chequers_serial_rivers_small_3,
          chequers_serial_rivers_micro_d, chequers_serial_rivers_large_a,
          chequers_serial_rivers_micro_d
D:4:      layout_basic, nicolae_wu_jian_wuxing_cycle
D:5:      layout_loops_ring, mainiacjoe_overflow_alcove_4,
          minmay_temple_entry_enclosed_plants
D:6:      minmay_bubble_buster, layout_loops_ring, kennysheep_vampire_church,
          serial_shops, nicolae_inconvenience_store, hangedman_decor_slide_cut
D:7:      layout_gridville, nemelex_xobeh_ov_fountains_minmay,
          nicolae_gozag_seed_capital, xom_butterflies,
          nicolae_ossuary_entry_giza
Temple:   pf_slime_end_temple

Skill      XL: |  1  2  3  4  5  6  7  8  9 |
---------------+----------------------------+-----
Stealth        | 3 4 5 6 7 8 9 |  9.1
Spellcasting   | 1 2 3 4 |  4.7
Air Magic      | 1 2 3 4 5 |  5.1
Necromancy     | 1 2 3 |  3.0
Poison Magic   | 5 6 7 8 |  8.1
Conjurations   | 1 2 |  2.1
Ice Magic      | 1 2 |  2.2
Invocations    | 1 |  1.5
Fighting       | |  2.0
Crossbows      | |  1.7
Armour         | |  1.0
Shields        | |  1.0

Action                   |  1- 3 |  4- 6 |  7- 9 || total
-------------------------+-------+-------+-------++-------
Melee: Dagger            |       |    54 |   104 ||   158
       Flail             |       |       |    17 ||    17
 Fire: Hand crossbow     |    48 |    53 |    43 ||   144
 Cast: Poisonous Vapours |    14 |    70 |   119 ||   203
       Corpse Rot        |       |     3 |     1 ||     4
       Olgreb's Toxic Ra |       |       |     1 ||     1
 Abil: Spit Poison       |    13 |    22 |    10 ||    45
  Use: Scroll            |     1 |     1 |    19 ||    21
       Potion            |       |     1 |       ||     1
 Stab: Sleeping          |       |     1 |     4 ||     5
Armor: Robe              |     6 |    63 |    91 ||   160
Dodge: Dodged            |    18 |    65 |    75 ||   158
